[Event "Live Chess"]
[Site "Chess.com"]
[Date "2024.06.01"]
[Round "-"]
[White "SavagePawn7"]
[Black "Delacorta"]
[Result "0-1"]
[WhiteElo "659"]
[BlackElo "1590"]
[TimeControl "300"]
[EndTime "15:01:18 PDT"]
[Termination "Delacorta won by resignation"]

1. e4 e6 2. d4 d5 3. c4 dxe4 4.
d5 exd5 5. cxd5 Bb4+ 6. Nc3 Bd7 7. f3 Nf6 8. Ne2 exf3 9. gxf3 O-O 10. Bd2 Re8 11. a3 Bd6 12. Bg2 Nh5 13. O-O Qh4 14.
Ne4 Bxh2+ 15. Kh1 Bf4+ 16. Kg1 Bxd2 17. Qxd2 Bb5 18. N4c3 Bxe2 19. Qxe2 Rxe2 20. Nxe2 Nd7 0-1

[Event "Live Chess"]
[Site "Chess.com"]
[Date "2024.06.01"]
[Round "-"]
[White "FlyingChessKestrel13"]
[Black "JohanKjeldahl"]
[Result "1-0"]
[WhiteElo "2082"]
[BlackElo "1875"]
[TimeControl "300"]
[EndTime "15:01:30 PDT"]
[Termination "FlyingChessKestrel13 won by resignation"]

1. e4 c5 2. Nf3 e6 3. c4 Nc6 4. Nc3 a6 5. d3 Nge7 6. Be3 b6 7. d4 cxd4 8. Nxd4 Bb7 9. Be2 g6 10. O-O Bg7 11. Bf3 O-O 12. Nxc6 dxc6 13. Qc2 c5 14.
Rad1 Qc7 15. a3 Rad8 16. b4 cxb4 17. axb4 Rxd1 18. Nxd1 Rd8 19. Nb2 Nc6 20. Qb3 Ne5 21. Be2 Bxe4 22. Na4 b5 23. cxb5 axb5 24. Nc5 Bd5 25.
Qa3 Nc4 26. Bxc4 Bxc4 27. Qa5 Qxa5 28. bxa5 Bxf1 29. Kxf1 Rd1+ 30. Ke2 Ra1 31. a6 Bf8 32.
a7 Bxc5 33. Bxc5 b4 34. Kd2 f5 35. Kc2 Kf7 36. Kb2 Ra6 37. Kb3 e5 38. Kxb4 Ke6 39.
Kb5 Ra2 40. Bb6 Kd6 41. Ba5 Rb2+ 42. Ka6 1-0

[Event "Live Chess"]
[Site "Chess.com"]
[Date "2024.06.01"]
[Round "-"]
[White "agamilewska"]
[Black "lyricalschemes"]
[Result "0-1"]
[WhiteElo "1770"]
[BlackElo "2433"]
[TimeControl "300"]
[EndTime "15:02:00 PDT"]
[Termination "lyricalschemes won by resignation"]

1. d4 Nf6 2. c4 e6 3. Nc3 Bb4 4. Bd2 c5 5. e3 cxd4 6. exd4 d5 7. cxd5 exd5 8. Nf3 O-O 9. Be2 Re8 10. O-O Bg4 11. h3 Bh5 12. a3 Ba5 13. b4 Bc7 14. Rc1 a6 15. Ne5 Bxe2 16. Qxe2 Nc6 17. Bf4 Nxd4 18. Qd3 Ne6 19. Nxf7 Nxf4 20. Qf3 Kxf7 21. Rfd1 Kg8 22. g3 Nxh3+ 23. Kh2 Ng5 24. Qd3 d4 0-1

[Event "Live Chess"]
[Site "Chess.com"]
[Date "2024.06.01"]
[Round "-"]
[White "NebodarMatevich"]
[Black "JanMur7"]
[Result "0-1"]
[WhiteElo "1562"]
[BlackElo "2283"]
[TimeControl "300"]
[EndTime "15:02:00 PDT"]
[Termination "JanMur7 won by resignation"]

1. e4 g6 2. d4 Bg7 3. c4 c5 4. Be3 cxd4 5. Bxd4 Nf6 6. e5 Nh5 7. e6 dxe6 8. Bxg7 Qxd1+ 9. Kxd1 Nxg7 10. Nf3 Nf5 11. Nc3 Nc6 12. Bd3 O-O 13. Kc2 Nb4+ 14. Kd2 Rd8 15. Ne1 Nd6 16. a3 Nxd3 17.
Nxd3 Nxc4+ 18. Kc2 e5 19. b3 Bf5 20. bxc4 Rxd3 21.
g4 Rxc3+ 22. Kxc3 Bxg4 23. h3 Bf3 24. Rhe1 f6 25. Rab1 b6 26. Rb2 Rc8 27. a4 Bd5 28. Kd2 Rxc4 29. Rc2 Rxa4 30. Rc8+ Kg7 31. Rc7 Kf7 32. Ke3 Re4+ 33. Kd2 Rxe1 34. Kxe1 a5 35. Kd2 b5 36. Ra7 a4 37. Ra5 Bc4 38. Kc3 h5 39.
h4 g5 40. hxg5 fxg5 41. Ra6 e6 42. Ra7+ Kg6 43. Ra6 h4 44. Ra8 g4 45. Rg8+ Kf5 46. Rf8+ Ke4 47. Rh8 h3 48. Rg8 Kf3 49. Rh8 Kg2 50.
Rh5 h2 51. Rxe5 h1=Q 52. f4 Qc1+ 53. Kb4 Qb2+ 54. Ka5 Qxe5 55. fxe5 Kf3 56. Kb4 Ke4 57. Kc3 Kxe5 0-1

[Event "Live Chess"]
[Site "Chess.com"]
[Date "2024.06.01"]
[Round "-"]
[White "dmitro74"]
[Black "DylanMeyer1"]
[Result "0-1"]
[WhiteElo "1741"]
[BlackElo "1719"]
[TimeControl "300"]
[EndTime "15:02:13 PDT"]
[Termination "DylanMeyer1 won by checkmate"]

1. d4 d5 2. c4 e6 3. Nc3 Nf6 4. Bg5 Be7 5. Nf3 a6 6. e3 b6 7. Bd3 dxc4 8. Bxc4 Bb7 9. O-O c5 10. dxc5 Qc7 11. Rc1 bxc5 12. Bf4 Qc6 13. Qb3 O-O 14. Ne5 Qxg2# 0-1

[Event "Live Chess"]
[Site "Chess.com"]
[Date "2024.06.01"]
[Round "-"]
[White "RichardABates"]
[Black "MagnersCarlsberg2870"]
[Result "1-0"]
[WhiteElo "2257"]
[BlackElo "1763"]
[TimeControl "300"]
[EndTime "15:02:18 PDT"]
[Termination "RichardABates won by resignation"]

1. d4 Nf6 2. Nf3 b6 3. c4 e6 4. g3 Bb4+ 5. Bd2 a5 6. Bg2 Bb7 7. O-O d6 8. Bg5 Nbd7 9. a3 h6 10. Bxf6 Qxf6 11. axb4 axb4 12. Rxa8+ Bxa8 13. Qa4 O-O 14. Qxd7 1-0

[Event "Live Chess"]
[Site "Chess.com"]
[Date "2024.06.01"]
[Round "-"]
[White "lestmak"]
[Black "GrahamCuthbert"]
[Result "0-1"]
[WhiteElo "523"]
[BlackElo "1016"]
[TimeControl "300"]
[EndTime "15:02:26 PDT"]
[Termination "GrahamCuthbert won by resignation"]

1. e4 c6 2. d4 d5 3. f3 dxe4 4. fxe4 Nf6 5. Nf3 Bg4 6. Bc4 Nxe4 7.
Bxf7+ Kxf7 8. Ne5+ Ke8 9. Qxg4 Nf6 10. Qf4 Qa5+ 11. c3 Nbd7 12. O-O Nxe5 13. dxe5 Nd7 14. Qf7+ Kd8 15. e6 Qc5+ 16. Kh1 Qd5 17. Rd1 Qxd1+ 0-1

[Event "Live Chess"]
[Site "Chess.com"]
[Date "2024.06.01"]
[Round "-"]
[White "koekoekoe"]
[Black "BearFromUkraine"]
[Result "1-0"]
[WhiteElo "1995"]
[BlackElo "1037"]
[TimeControl "300"]
[EndTime "15:02:30 PDT"]
[Termination "koekoekoe won by resignation"]

1. d4 d5 2. Bf4 Bf5 3. e3 e6 4.
Nf3 Bd6 5. Bg3 Nf6 6. Bd3 Bg6 7. O-O O-O 8. c4 dxc4 9. Bxc4 Nc6 10. Nc3 Qd7 11. Bb5 a6 12. Ba4 b5 13. Bc2 Bxc2 14.
Qxc2 h6 15. Rac1 Rfe8 16. Ne4 Nxe4 17. Qxe4 Bxg3 18. hxg3 Ne7 19. Ne5 Qd5 20. Qxd5 Nxd5 21. Rc5 Red8 22. Rfc1 Rd6 23. a3 f6 24. Nd3 Rad8 25.
Nf4 Nxf4 26. gxf4 R6d7 27. Rxc7 Rxc7 28. Rxc7 Kh7 29. Rc6 Ra8 30. Rxe6 a5 31. Rb6 b4 32. axb4 axb4 33. Rxb4 Ra1+ 34. Kh2 Rf1 35. Kg3 1-0

[Event "Live Chess"]
[Site "Chess.com"]
[Date "2024.06.01"]
[Round "-"]
[White "CCGoodKnightRookie"]
[Black "Tushinskiy"]
[Result "0-1"]
[WhiteElo "2358"]
[BlackElo "2254"]
[TimeControl "300"]
[EndTime "15:02:37 PDT"]
[Termination "Tushinskiy won by resignation"]

1. d4 d5 2. Nc3 c6 3. Bf4 Nf6 4. e3 Qb6 5. Rb1 e6 6. Bd3 Nbd7 7. Nf3 c5 8. dxc5 Nxc5 9. O-O Bd7 10. Ne5 Be7 11. Bg5 a6 12. b4 Nxd3 13. Bxf6 Nxf2 14. Nxd7 Kxd7 15. Bd4 Nxd1 16. Bxb6 Nxc3 0-1

[Event "Live Chess"]
[Site "Chess.com"]
[Date "2024.06.01"]
[Round "-"]
[White "lateforthesky"]
[Black "nigelst"]
[Result "1-0"]
[WhiteElo "2135"]
[BlackElo "1675"]
[TimeControl "300"]
[EndTime "15:02:50 PDT"]
[Termination "lateforthesky won by resignation"]

1. e4 c6 2. Nf3 d5 3. exd5 cxd5 4.
Ne5 Nc6 5. d4 Bf5 6. Bb5 Rc8 7.
Nxc6 bxc6 8. Bd3 Bxd3 9. Qxd3 e6 10. O-O Nf6 11. c4 dxc4 12. Qxc4 Qd5 13. Qa4 a5 14.
Nc3 Qd7 15. Be3 Bd6 16. h3 Qc7 17. Rac1 Qd7 18. Qxa5 O-O 19. Rfd1 Nd5 20. Nxd5 cxd5 21. Qd2 Bb8 22. Bf4 Bxf4 23. Qxf4 Qb5 24. b3 Qb4 25.
Qe3 Qa3 26. Qd2 Rfd8 27. Kh2 Qd6+ 28. g3 Qd7 29. Rxc8 Rxc8 30. Rc1 h6 31. Rc5 Rxc5 32. dxc5 Qc6 33. Qd4 f6 34. Qb4 e5 35. Qb6 Qe8 36. c6 d4 37. c7 d3 38. Qd6 d2 39. Qxd2 e4 40. Qd8 1-0

[Event "Live Chess"]
[Site "Chess.com"]
[Date "2024.06.01"]
[Round "-"]
[White "CarmelJane"]
[Black "AndrewBak1"]
[Result "1-0"]
[WhiteElo "2073"]
[BlackElo "1869"]
[TimeControl "300"]
[EndTime "15:03:06 PDT"]
[Termination "CarmelJane won by checkmate"]

1. e4 c5 2. Nf3 Nc6 3. Bb5 e6 4. Bxc6 bxc6 5. d3 d5 6. e5 f6 7. O-O fxe5 8. Nxe5 Qc7 9. Qh5+ g6 10. Nxg6 Qf7 11. Nf4 Nf6 12. Qxf7+ Kxf7 13. Re1 Bd6 14. Nc3 e5 15. Nfe2 h5 16. Bg5 h4 17. Bxf6 Kxf6 18.
h3 Rg8 19. Kh1 Rb8 20. Nd1 Be6 21. b3 Rg7 22. c4 Rbg8 23. Rg1 Bf5 24. Nb2 e4 25.
dxe4 Bxe4 26. f3 Bf5 27. Rad1 Be5 28. Nd3 Bd4 29. Nxd4 cxd4 30. cxd5 cxd5 31. Nf4 Ke5 32. Nd3+ Kd6 33. Nf4 Re7 34. Rxd4 Be6 35. Rgd1 Rg5 36. Nxe6 Rxe6 37. Rxh4 Re2 38. Rg4 Rge5 39. a4 Rb2 40.
Rg7 Rxb3 41. Rxa7 Re2 42. Ra5 Rbb2 43. Raxd5+ Kc6 44. Rg5 Kb6 45. a5+ Ka6 46. Rd6+ Kb7 47. Rg7+ Kc8 48. Rc6+ Kd8 49. Ra6 Rb8 50. Rh6 Re8 51.
a6 Ra8 52. a7 Re2 53. Rh8+ Re8 54. Rxe8+ Kxe8 55. Rg8+ Kf7 56. Rxa8 Kg6 57. Rb8 Kh5 58. Rb4 Kg6 59. a8=Q Kh7 60. Qa5 Kh6 61. Rb6+ Kg7 62. Qa7+ Kf8 63. Rb8# 1-0

[Event "Live Chess"]
[Site "Chess.com"]
[Date "2024.06.01"]
[Round "-"]
[White "oscalik"]
[Black "ShanthamGrarks"]
[Result "0-1"]
[WhiteElo "2317"]
[BlackElo "1762"]
[TimeControl "300"]
[EndTime "15:03:09 PDT"]
[Termination "ShanthamGrarks won by resignation"]

1. e4 e6 2. d4 d5 3. Nd2 Nf6 4. e5 Nfd7 5. f4 c5 6. c3 Nc6 7. Ndf3 Qb6 8. a3 cxd4 9. cxd4 Be7 10. h4 h6 11. b3 a6 12. h5 Na5 13. Rb1 Nc6 14.
Bb2 Bxa3 15. Bxa3 Qa5+ 16. Kf2 Qxa3 17. Bd3 Qa2+ 18. Ne2 Qa5 19. g4 Nb4 20. Kg2 Nxd3 21. Qxd3 b5 22. Ng3 Bb7 23. f5 O-O 24. g5 Qa2+ 25. Kh3 exf5 26. Qxf5 Bc8 27. Kh4 Qf2 28.
Rbf1 Qe3 29. gxh6 Nf6 30. Qg5 Qxg5+ 31. Nxg5 Ng4 32. h7+ Kh8 33. Nxf7+ Rxf7 34. Rxf7 Kxh7 35. Rf8 Ne3 36. e6 Ng2+ 37. Kh3 Bxe6+ 38. Kxg2 Rxf8 39. Re1 Bg4 40. Re5 a5 41. Kg1 Bf3 42. Nf5 Be4 43. Ne7 Rf3 44. Nxd5 Bxd5 45. Rxd5 Rxb3 46. Kf2 a4 47. Rd7 a3 48. Ra7 b4 49. d5 Rd3 50.
Ra5 b3 51. Rxa3 b2 52. Rxd3 b1=Q 53. d6 Qxd3 54. d7 Qxd7 0-1

[Event "Live Chess"]
[Site "Chess.com"]
[Date "2024.06.01"]
[Round "-"]
[White "Dhaydon19"]
[Black "Duke_of_Bebington"]
[Result "1-0"]
[WhiteElo "2677"]
[BlackElo "1644"]
[TimeControl "300"]
[EndTime "15:03:41 PDT"]
[Termination "Dhaydon19 won by resignation"]

1. d4 d5 2. c3 Nf6 3. Nf3 Bf5 4. g3 e6 5. Bg2 Be7 6. Nbd2 O-O 7. O-O c5 8. Re1 Nc6 9. Nb3 Ne4 10. Be3 c4 11. Nbd2 Nxd2 12. Nxd2 b5 13. a4 b4 14.
Nxc4 bxc3 15. bxc3 dxc4 16. Bxc6 Rc8 17. Bg2 Qa5 18.
Bd2 Rfd8 19. e4 Bg6 20. Rb1 a6 21. Qc2 f6 22. Rb7 Kf8 23. Reb1 Be8 24. e5 fxe5 25. Qxh7 Bf7 26. Rxe7 Kxe7 27. Bg5+ Kd7 28. Bxd8 Rxd8 29. Qxg7 1-0

[Event "Live Chess"]
[Site "Chess.com"]
[Date "2024.06.01"]
[Round "-"]
[White "Ferrarifan27"]
[Black "NeilDruggan73"]
[Result "1-0"]
[WhiteElo "2094"]
[BlackElo "1741"]
[TimeControl "300"]
[EndTime "15:04:08 PDT"]
[Termination "Ferrarifan27 won by resignation"]

1. e4 d6 2. d4 Nf6 3. Nc3 g6 4. f4 Bg7 5. Qd2 O-O 6. Nf3 Nc6 7. e5 dxe5 8. dxe5 Qxd2+ 9. Bxd2 Nh5 10. O-O-O Bg4 11.
Be2 Rad8 12. h3 Bxf3 13. Bxf3 Nd4 14. Bxh5 gxh5 15. Ne4 h6 16. c3 Ne2+ 17. Kc2 f5 18. exf6 Bxf6 19. Rhe1 Rxd2+ 20. Rxd2 Nxf4 21. Nxf6+ Rxf6 22. Rxe7 Ne6 23. Re2 Nf4 24. Rf2 Kf8 25. Rxc7 Nd5 26.
Rxf6+ Nxf6 27. Rxb7 Ne4 28. Rxa7 1-0

[Event "Live Chess"]
[Site "Chess.com"]
[Date "2024.06.01"]
[Round "-"]
[White "gmnorfolk"]
[Black "willc-h99"]
[Result "0-1"]
[WhiteElo "2106"]
[BlackElo "2626"]
[TimeControl "300"]
[EndTime "15:04:10 PDT"]
[Termination "willc-h99 won on time"]

1. e4 c6 2. d4 d5 3. e5 Bf5 4. h4 h5 5. c4 e6 6. Nc3 Nd7 7. cxd5 cxd5 8. Bd3 Ne7 9. Bg5 Bxd3 10. Qxd3 Qb6 11. Nge2 Nf5 12. O-O Be7 13. Bxe7 Nxe7 14.
Na4 Qa5 15. b3 O-O 16. Ng3 g6 17. Rac1 Rfc8 18. Qe3 Nf8 19. Qg5 Nf5 20. Nxf5 exf5 21.
Qe7 b6 22. Qb7 Rxc1 23. Rxc1 Qd2 24. Rc7 Qxd4 25. g3 Qxe5 26. Rxf7 Re8 27. Qxa7 Qe1+ 28. Kg2 Qe4+ 29. Kh2 Qd4 30. Kg2 Re2 31. Rxf8+ Kxf8 32. Qb8+ Kf7 33. Qc7+ Re7 34. Qxb6 Qe4+ 35. Kh2 f4 36.
Nc5 fxg3+ 37. fxg3 Qe2+ 38. Kh3 Qg4+ 39. Kg2 Re2+ 0-1

[Event "Live Chess"]
[Site "Chess.com"]
[Date "2024.06.01"]
[Round "-"]
[White "lestmak"]
[Black "MagnersCarlsberg2870"]
[Result "0-1"]
[WhiteElo "523"]
[BlackElo "1763"]
[TimeControl "300"]
[EndTime "15:04:17 PDT"]
[Termination "MagnersCarlsberg2870 won by checkmate"]

1. e4 e5 2. Nf3 Nf6 3. Nxe5 Nc6 4. Nxc6 dxc6 5. d3 Bc5 6. Qf3 h5 7. h4 Bg4 8. Qg3 Nxe4 9. Qe5+ Qe7 10. Qxg7 Bxf2# 0-1

[Event "Live Chess"]
[Site "Chess.com"]
[Date "2024.06.01"]
[Round "-"]
[White "wadsy27"]
[Black "MellowAesthetic"]
[Result "1-0"]
[WhiteElo "2541"]
[BlackElo "2074"]
[TimeControl "300"]
[EndTime "15:04:32 PDT"]
[Termination "wadsy27 won on time"]

1. d4 Nf6 2. c4 g6 3. Nc3 Bg7 4. e4 d6 5. Nge2 O-O 6. Ng3 c6 7. Be2 a6 8. a4 a5 9. h4 h5 10. Bg5 Na6 11. O-O Nb4 12. e5 Nh7 13. exd6 Nxg5 14.
hxg5 Qxd6 15. d5 cxd5 16. Nxd5 Nxd5 17. cxd5 Bxb2 18. Rb1 Bg7 19. Qd2 Rd8 20. Rfd1 e6 21. Bf3 exd5 22. Bxd5 Be6 23. Rb5 Rd7 24. Ne4 Qe5 25.
f4 Qf5 26. Bxb7 Rxd2 27. Rxd2 Rb8 28. Rxf5 Bxf5 29. Nd6 Bf8 30. Nxf5 Rxb7 31. Ng3 Rb4 32. f5 Rxa4 33. fxg6 fxg6 34. Rd7 Ra1+ 35. Kf2 a4 36.
Ne4 Bg7 37. Rd8+ 1-0

[Event "Live Chess"]
[Site "Chess.com"]
[Date "2024.06.01"]
[Round "-"]
[White "IgorSchukin"]
[Black "Pandreq"]
[Result "1-0"]
[WhiteElo "1704"]
[BlackElo "1190"]
[TimeControl "300"]
[EndTime "15:04:43 PDT"]
[Termination "IgorSchukin won on time"]

1. e4 Nf6 2. Nc3 Nc6 3. Nf3 d6 4.
d4 Bg4 5. Be2 e5 6. dxe5 Bxf3 7.
Bxf3 Nxe5 8. Be2 Be7 9. O-O O-O 10. f4 Nc6 11. Be3 Re8 12. Qd3 Nb4 13. Qd2 c5 14. a3 Nc6 15. Rad1 h6 16. Bf3 Rc8 17. g4 Qd7 18. g5 hxg5 19. fxg5 Ng4 20. Bxg4 Qxg4+ 21. Kh1 Ne5 22. Rg1 Qf3+ 23. Rg2 Nc4 24. Qf2 Qxe3 25.
Qh4 g6 26. Re1 Qd4 27. Rg3 Nd2 28. Rh3 b6 29. e5 Qxh4 30. Rxh4 Bxg5 31. Rg4 Bh6 32.
Rd1 Nf3 33. exd6 Re1+ 34. Rxe1 Nxe1 35. d7 Rd8 36. Re4 Rxd7 37. Rxe1 Bd2 38. Rd1 Rd8 39.
Ne4 Re8 40. Nxd2 Re2 41. c4 Kg7 42. b4 cxb4 43. axb4 a5 44. bxa5 bxa5 45. c5 1-0

[Event "Live Chess"]
[Site "Chess.com"]
[Date "2024.06.01"]
[Round "-"]
[White "Crowded_House"]
[Black "ACM42"]
[Result "0-1"]
[WhiteElo "1740"]
[BlackElo "2162"]
[TimeControl "300"]
[EndTime "15:04:48 PDT"]
[Termination "ACM42 won by checkmate"]

1. d4 Nf6 2. Bg5 Ne4 3. Bh4 d5 4. Nd2 Nd6 5. Ngf3 g6 6. c3 Bg7 7. e3 O-O 8. Bd3 b6 9. O-O Re8 10. Qc2 c5 11. Rab1 c4 12. Be2 a5 13. b3 Ba6 14. bxc4 Qc7 15. cxd5 Bxe2 16. Rfe1 Ba6 17. Rec1 Nc4 18. Nxc4 Bxc4 19. a3 Bxd5 20. Bg3 Qc6 21. Qe2 Bc4 22. Qd2 Nd7 23. Rb2 b5 24. Ne1 Nb6 25. Nd3 Na4 26. Rbb1 Rad8 27. Ne5 Qe6 28. Nxc4 Qxc4 29. Rc2 e5 30. Rbc1 f5 31. Qe2 Qxe2 32.
Rxe2 Rc8 33. Rec2 Rc4 34. dxe5 Bxe5 35. Bxe5 Rxe5 36. Kf1 Rec5 37. Ke2 Rxc3 38. Rxc3 Nxc3+ 39. Kf3 Kf7 40. Rc2 b4 41. axb4 axb4 42. Rb2 Rc4 43. g3 Na4 44. Rb3 Nc5 45. Rb2 b3 46. Ke2 Ke6 47.
Kd2 Kd5 48. f3 Kc6 49. h3 Kb5 50. g4 Kb4 51. gxf5 gxf5 52. e4 fxe4 53. fxe4 Rxe4 54. Kd1 Na4 55. Rd2 b2 56. Kc2 Rc4+ 57. Kb1 Rc1+ 58. Ka2 b1=Q# 0-1

[Event "Live Chess"]
[Site "Chess.com"]
[Date "2024.06.01"]
[Round "-"]
[White "degringolade64"]
[Black "SavagePawn7"]
[Result "1-0"]
[WhiteElo "2113"]
[BlackElo "659"]
[TimeControl "300"]
[EndTime "15:04:56 PDT"]
[Termination "degringolade64 won by resignation"]

1. e4 d5 2. exd5 Nf6 3. Nf3 Nxd5 4. d4 Bg4 5. Be2 Nc6 6. h3 Bxf3 7. Bxf3 e6 8. O-O Bd6 9. c4 Nf6 10. Nc3 O-O 11. Bg5 h6 12. Bh4 g5 13. Bxc6 b6 14.
Bg3 Bxg3 15. fxg3 Rb8 16. Qd3 Re8 17. Rad1 1-0

[Event "Live Chess"]
[Site "Chess.com"]
[Date "2024.06.01"]
[Round "-"]
[White "bonantagulo"]
[Black "cymbalshift"]
[Result "1-0"]
[WhiteElo "2194"]
[BlackElo "1650"]
[TimeControl "300"]
[EndTime "15:04:57 PDT"]
[Termination "bonantagulo won by resignation"]

1. d4 Nf6 2. c4 e6 3. Nf3 c5 4. d5 exd5 5. cxd5 d6 6. Nc3 g6 7. e4 a6 8. a4 Bg7 9. Be2 O-O 10. Bf4 Bg4 11. Nd2 Bxe2 12. Qxe2 Nh5 13. Bg3 Re8 14.
Nc4 Nxg3 15. hxg3 Qe7 16. O-O Nd7 17. Rae1 Rab8 18. a5 b5 19. axb6 Nxb6 20. Na5 Bxc3 21. bxc3 Nxd5 22. Nc6 Nxc3 23. Nxe7+ Rxe7 24. Qxa6 Rb2 25. Qxd6 Re6 26. Qxc5 1-0

[Event "Live Chess"]
[Site "Chess.com"]
[Date "2024.06.01"]
[Round "-"]
[White "NomisY"]
[Black "CheckThis4"]
[Result "0-1"]
[WhiteElo "2281"]
[BlackElo "2683"]
[TimeControl "300"]
[EndTime "15:05:25 PDT"]
[Termination "CheckThis4 won by resignation"]

1. d4 Nf6 2. c4 g6 3. Nc3 Bg7 4. e4 d6 5. f3 O-O 6. Be3 a6 7. Qd2 Nbd7 8. Bd3 e5 9. Nge2 c6 10. d5 cxd5 11. cxd5 b5 12. O-O Qe7 13. Rfc1 Ne8 14. a4 b4 15. Nd1 a5 16. Nf2 f5 17.
Bg5 Bf6 18. Bxf6 Ndxf6 19. Rc2 f4 20. Rac1 Bd7 21. b3 g5 22. h3 h5 23. Bb5 g4 24.
Bxd7 Qxd7 25. Kh1 Ra7 26. Qd3 Kh8 27. Qb5 Qh7 28. Rg1 Rg7 29. Qxa5 gxf3 30. gxf3 Rxg1+ 31. Kxg1 Rg8+ 32. Kf1 Qg7 33. Ke1 Qg2 34. Qxb4 Qxf3 35. a5 Rg2 36. Qb6 Nxe4 37. Nxe4 Qxe4 38. Rb2 f3 0-1

[Event "Live Chess"]
[Site "Chess.com"]
[Date "2024.06.01"]
[Round "-"]
[White "Harry_Li"]
[Black "updatedopenings2024"]
[Result "0-1"]
[WhiteElo "2086"]
[BlackElo "1963"]
[TimeControl "300"]
[EndTime "15:05:52 PDT"]
[Termination "updatedopenings2024 won by resignation"]

1. e4 c6 2. d4 d5 3. e5 c5 4. c3 Nc6 5. Be2 cxd4 6. cxd4 Bf5 7. Nf3 e6 8. O-O Rc8 9. Nc3 Nge7 10. Nh4 Bg6 11. Be3 Nf5 12. Nxf5 Bxf5 13. g4 Bg6 14. f4 f5 15. Kh1 a6 16. Rg1 fxg4 17.
Bxg4 Qe7 18. Nxd5 exd5 19. Bxc8 Be4+ 20. Rg2 Bxg2+ 21. Kxg2 g5 22. f5 h6 23. f6 Qc7 24.
Bf5 Qb6 25. b3 Nxe5 26. Qh5+ Kd8 27. dxe5 Qxe3 28. Qf7 Qe2+ 29. Kg3 Qxe5+ 30. Kg2 Qxf5 31. Re1 Bd6 32. Qg7 Qg4+ 33. Kh1 Qf3+ 34. Kg1 Bc5+ 0-1

[Event "Live Chess"]
[Site "Chess.com"]
[Date "2024.06.01"]
[Round "-"]
[White "GrahamCuthbert"]
[Black "Delacorta"]
[Result "1-0"]
[WhiteElo "1031"]
[BlackElo "1559"]
[TimeControl "300"]
[EndTime "15:05:58 PDT"]
[Termination "GrahamCuthbert won by resignation"]

1. d4 e6 2. Bf4 f5 3. Nf3 Nf6 4. e3 d5 5. c4 c6 6. cxd5 exd5 7. Nc3 Be7 8. Ne5 O-O 9. Bd3 Ne4 10. Ne2 Bd7 11.
Ng3 Be8 12. Nxf5 Rxf5 13. Qg4 Bg6 14. Nxg6 Rxf4 15. Nxf4 Nd7 16. Ne6 1-0

[Event "Live Chess"]
[Site "Chess.com"]
[Date "2024.06.01"]
[Round "-"]
[White "CCGoodKnightRookie"]
[Black "koekoekoe"]
[Result "1-0"]
[WhiteElo "2363"]
[BlackElo "1993"]
[TimeControl "300"]
[EndTime "15:05:59 PDT"]
[Termination "CCGoodKnightRookie won by resignation"]

1. d4 d5 2. Nc3 Nf6 3. Bf4 Bf5 4. e3 c6 5. Nf3 e6 6. Ne5 Nbd7 7. g4 Bg6 8. h4 Nxe5 9. dxe5 Ne4 10. h5 Nxc3 11.
bxc3 Qa5 12. Kd2 Be4 13. f3 Bxf3 14. Qxf3 Ba3 15. Rb1 b6 16. h6 g6 17. Bg5 Bc5 18. Qf6 Rf8 19. Bd3 Qxa2 20. Ra1 Qb2 21. Rhb1 1-0

[Event "Live Chess"]
[Site "Chess.com"]
[Date "2024.06.01"]
[Round "-"]
[White "bez2104"]
[Black "Dhaydon19"]
[Result "0-1"]
[WhiteElo "1541"]
[BlackElo "2677"]
[TimeControl "300"]
[EndTime "15:06:14 PDT"]
[Termination "Dhaydon19 won by checkmate"]

1. e4 c6 2. d4 d5 3. exd5 cxd5 4. Bd3 Nf6 5. Nf3 Nc6 6. c3 Bg4 7. h3 Bh5 8. Bf4 e6 9. Nbd2 Bd6 10. Bxd6 Qxd6 11. O-O Bg6 12. Bxg6 hxg6 13. Qb3 O-O-O 14. c4 Qf4 15. g3 Qf5 16. Nh4 Rxh4 17. gxh4 Nxd4 18.
Qa4 Qxh3 19. Qxa7 Ne2# 0-1

[Event "Live Chess"]
[Site "Chess.com"]
[Date "2024.06.01"]
[Round "-"]
[White "gobbles19"]
[Black "LL220284LL"]
[Result "1-0"]
[WhiteElo "2277"]
[BlackElo "2518"]
[TimeControl "300"]
[EndTime "15:06:17 PDT"]
[Termination "gobbles19 won by resignation"]

1. e4 c6 2. d4 g6 3. Nf3 Bg7 4. Bd3 Nf6 5. e5 Nd5 6. a3 d6 7. c4 Nb6 8. O-O dxe5 9. dxe5 Bg4 10.
Re1 e6 11. h3 Bxf3 12. Qxf3 N8d7 13. Bf4 O-O 14. Nc3 Qc7 15. Qg3 Nc5 16. Bf1 Rad8 17. Rad1 Nba4 18. b4 Nxc3 19. Qxc3 Nd7 20. c5 Nb8 21. h4 Rxd1 22. Rxd1 Rd8 23. Rd4 Rxd4 24. Qxd4 Nd7 25. Qd6 Qc8 26. h5 Bf8 27.
Qd3 a5 28. hxg6 hxg6 29. Qd2 axb4 30. axb4 b6 31. cxb6 Nxb6 32. b5 cxb5 33. Bxb5 Nd5 34. Bg3 Bb4 35. Qe2 Qc1+ 36. Kh2 Qh6+ 37. Kg1 Qc1+ 38.
Qf1 Qd2 39. Qd3 Qe1+ 40. Qf1 Qc3 41. Qc4 Qxc4 42. Bxc4 Ne7 43. Kf1 g5 44. Ke2 Kg7 45. Kf3 Nf5 46. Bh2 Kh6 47. Ke4 Bc5 48. f3 Nh4 49. g4 Ng2 50. Bb5 Kg6 51. Bg3 Ne3 52.
Be1 Nc2 53. Bg3 Nd4 54. Bd3 Nb3 55. Bc2 Nc1 56. Bd1 Kg7 57. Be1 Na2 58. Kd3 Bb4 59.
Bf2 Nc3 60. Bb3 Nd5 61. Bxd5 exd5 62. Kd4 Bd2 63. Kxd5 Kf8 64. Bc5+ Ke8 65. Ke4 Kd7 66. Be3 Bxe3 67. Kxe3 Ke6 68. Ke4 f6 69. exf6 Kxf6 70. Kd5 Kf7 71. Ke5 Kg6 72. Ke6 Kg7 73. Kf5 Kh6 74.
Kf6 1-0

[Event "Live Chess"]
[Site "Chess.com"]
[Date "2024.06.01"]
[Round "-"]
[White "McFim"]
[Black "Plato_77"]
[Result "1-0"]
[WhiteElo "1625"]
[BlackElo "1325"]
[TimeControl "300"]
[EndTime "15:06:44 PDT"]
[Termination "McFim won by resignation"]

1. e4 e6 2. d4 d5 3. e5 c5 4. c3 Nc6 5. Nf3 Qb6 6. Be2 cxd4 7.
cxd4 Bb4+ 8. Bd2 Nxd4 9. Nxd4 Qxd4 10. Nc3 Bxc3 11. bxc3 Qxe5 12. O-O Ne7 13. Rb1 O-O 14. Re1 Qc7 15. Qb3 a6 16. Bd3 b5 17. Re3 Bb7 18.
Rh3 Ng6 19. Rg3 Ne5 20. Be2 Nc4 21. Bh6 g6 22. Qd1 Rfd8 23. h4 f5 24. h5 Qf7 25.
hxg6 hxg6 26. Bh5 Kh7 27. Bxg6+ Qxg6 28. Rxg6 Kxg6 29. Be3 Nxe3 30. fxe3 Rh8 31. Qe1 Rag8 32. Qg3+ Kf6 33. Qc7 Rg7 34. Qc5 d4 35. Qxd4+ Ke7 36. Qxg7+ 1-0

[Event "Live Chess"]
[Site "Chess.com"]
[Date "2024.06.01"]
[Round "-"]
[White "Queensandpawns"]
[Black "AlexanderMatlak"]
[Result "1-0"]
[WhiteElo "2380"]
[BlackElo "2420"]
[TimeControl "300"]
[EndTime "15:07:02 PDT"]
[Termination "Queensandpawns won by resignation"]

1. e4 c5 2. d4 cxd4 3. c3 Nf6 4. e5 Nd5 5. cxd4 d6 6. Nf3 Nc6 7. Bc4 Nb6 8. Bb3 dxe5 9. O-O exd4 10. Ng5 e6 11.
Qf3 Qe7 12. Bf4 e5 13. Nxf7 exf4 14. Nxh8 Ne5 15. Qh5+ g6 16. Qd1 Bg7 17. Re1 Be6 18.
Nd2 Bxb3 19. Nxb3 O-O-O 20. a4 f3 21. a5 Nbc4 22. Qc1 Qc7 23. a6 b6 24. Nxd4 Rxd4 25. b3 Nd6 26. Qe3 Nf5 27. Qg5 Rg4 28. Qd2 Rxg2+ 29.
Kh1 Nc4 30. Re8+ 1-0

[Event "Live Chess"]
[Site "Chess.com"]
[Date "2024.06.01"]
[Round "-"]
[White "KeithArkell"]
[Black "Duke_of_Bebington"]
[Result "1-0"]
[WhiteElo "2402"]
[BlackElo "1644"]
[TimeControl "300"]
[EndTime "15:07:09 PDT"]
[Termination "KeithArkell won by resignation"]

1. d4 d5 2. Nf3 Nf6 3. c4 c6 4. Nc3 dxc4 5. a4 Nd5 6. e4 Nxc3 7. bxc3 b5 8. Ne5 Be6 9. Be2 g6 10. h4 Bg7 11. Bf4 Nd7 12. Nxc6 Qb6 13. axb5 Qxb5 14.
Qa4 Qxa4 15. Rxa4 Nb6 16. Rxa7 Rxa7 17. Nxa7 Bd7 18. Kd2 h6 19. Rb1 Nc8 20. Rb7 g5 21.
Bg3 gxh4 22. Bxh4 f6 23. Bxc4 1-0